 Dungeon Crawl Stone Soup version 0.29.1-1-gd02db69 (webtiles) character file.

Game seed: 2328999446187845087

18578 Timinator the Martial Artist (level 12, -4/97 HPs)
             Began as a Demigod Transmuter on Dec 20, 2022.
             Slain by a two-headed ogre
             ... wielding a +0 giant club
              (20 damage)
             ... on level 2 of the Orcish Mines.
             The game lasted 01:00:32 (12175 turns).

Timinator the Martial Artist (Demigod Transmuter)  Turns: 12175, Time: 01:00:34

Health: -4/97      AC: 11    Str: 19    XL:     12   Next: 2%
Magic:  0/26       EV: 20    Int: 15    God:
Gold:   821        SH:  0    Dex: 28    Spells: 11/18 levels left

rFire   . . .      SeeInvis .     - Unarmed
rCold   + . .      Faith    .   (no shield)
rNeg    . . .      Spirit   +   w - +4 moon troll leather armour {Spirit, Regen++ MP+5}
rPois   .          Reflect  .   (helmet currently unavailable)
rElec   .          Harm     .   D - +0 cloak
rCorr   .          Rampage  .   d - +1 pair of gloves
Will    +....                   (boots currently unavailable)
Stlth   ++........              (no amulet)
HPRegen 1.86/turn               E - +6 ring of dexterity
MPRegen 0.20/turn               y - ring of protection from cold

@: appendages, hasted, very quick
A: horns 2, talons 2, high MP 1, forlorn, divine attributes
a: End Transformation


You were on level 2 of the Orcish Mines.
You had temporarily grown beastly horns and talons.
You visited 2 branches of the dungeon, and saw 11 of its levels.
You also visited: Bailey.

You collected 989 gold pieces.
You spent 168 gold pieces at shops.

Inventory:

Hand Weapons
 F - the +7 hand axe "Grim" {spect, Contam rPois rN+++ rCorr}
   (You found it on level 7 of the Dungeon)

   When its wielder attacks, the weapon's spirit leaps out and strikes again.
   The spirit shares a part of any damage it takes with its wielder.
   rPois:     It protects you from poison.
   rN:        It renders you almost immune to negative energy.
   Contam:    It causes magical contamination when unequipped.
   rCorr:     It protects you from acid and corrosion.
Missiles
 z - 5 throwing nets
Armour
 d - a +1 pair of gloves (worn)
 k - a +0 helmet (melded)
 w - the +4 moon troll leather armour (worn) {Spirit, Regen++ MP+5}
   (You found it on level 6 of the Dungeon)

   MP:        It affects your magic capacity (+5).
   Regen:     It increases your rate of health regeneration.
 A - the +7 chain mail of the New World {rPois rCorr}
   (You found it on level 6 of the Dungeon)

   rPois:     It protects you from poison.
   rCorr:     It protects you from acid and corrosion.
 D - a +0 cloak (worn)
Jewellery
 e - a ring of ice
 y - a ring of protection from cold (right hand)
 E - a +6 ring of dexterity (left hand)
 I - an amulet of the acrobat
Wands
 m - a wand of charming (6)
 r - a wand of polymorph (11)
 G - a wand of flame (53)
 K - a wand of light (8)
 O - a wand of iceblast (4)
Scrolls
 a - a scroll of brand weapon {unknown}
 b - a scroll of enchant armour {unknown}
 c - a scroll of poison {unknown}
 h - 3 scrolls of fog
 j - 3 scrolls of amnesia {unknown}
 l - 2 scrolls of blinking {unknown}
 n - 2 scrolls of fear
 p - a scroll of summoning {unknown}
 q - 6 scrolls of identify
 v - a scroll of noise {unknown}
 x - a scroll of immolation {unknown}
 C - 5 scrolls of teleportation
 N - a scroll of enchant weapon {unknown}
 P - a scroll of magic mapping {unknown}
Potions
 i - a potion of resistance {unknown}
 o - 3 potions of curing
 t - 2 potions of mutation
 u - a potion of cancellation
 H - 2 potions of attraction {unknown}
 J - a potion of magic {unknown}
 L - 2 potions of degeneration {unknown}
 M - a potion of berserk rage {unknown}
 Q - a potion of brilliance {unknown}


   Skills:
 * Level 6.8 Fighting
 - Level 3.0 Armour
 * Level 8.4 Dodging
 * Level 11.8 Unarmed Combat
 + Level 3.5 Spellcasting
 * Level 8.9 Transmutations
 * Level 3.7 Evocations


You had 11 spell levels left.
You knew the following spells:

 Your Spells              Type           Power      Damage    Failure   Level
a - Beastly Appendage     Tmut           58%        N/A       1%          1
b - Wereblood             Tmut           29%        N/A       1%          2
c - Ice Form              Ice/Tmut       16%        N/A       34%         4

Your spell library contained the following spells:

 Spells                   Type           Power      Damage    Failure   Level
 Spider Form              Tmut/Pois      16%        N/A       11%         3
 Magic Dart               Conj           8%         1d3       22%         1
 Summon Small Mammal      Summ           8%         N/A       22%         1
 Call Imp                 Summ           2%         N/A       34%         2
 Call Canine Familiar     Summ           2%         N/A       56%         3
 Gell's Gravitas          Tloc           2%         N/A       56%         3
 Inner Flame              Hex/Fire       2%         N/A       56%         3
 Lesser Beckoning         Tloc           2%         N/A       56%         3
 Mephitic Cloud           Conj/Pois/Air  2%         N/A       56%         3
 Summon Guardian Golem    Hex/Summ       2%         N/A       56%         3
 Teleport Other           Tloc           2%         N/A       56%         3
 Cause Fear               Hex            1%         N/A       92%         4
 Discord                  Hex            1%         N/A       100%        8


Dungeon Overview and Level Annotations

Branches:
Dungeon (9/15)             Temple (0/1) D:4            Lair (0/5) D:9
    Orc (2/2) D:9          Bailey (visited)
    Elf: Orc:2

Shops:
D:2 *   Orc:2 *

Annotations:
Orc:2 Blork the orc, Saint Roka


Innate Abilities, Weirdness & Mutations

You have temporarily grown beastly horns and talons.
You have an increased reservoir of magic. (+10% MP)
You shall have no god before yourself.
Your divine heritage dramatically boosts your attributes as you level up.


Message History

Your primal bloodlust is almost over.
A two-headed ogre comes into view. It is wielding two +0 giant clubs.
You flicker back into view.
The two-headed ogre closely misses you.
The two-headed ogre completely misses you.
Okay, then.
Casting: Beastly Appendage (safe; 1% risk of failure)
Confirm with . or Enter, or press ? or * to list all spells.
You extend your transformation's duration.
You barely miss the two-headed ogre. Your kick misses the two-headed ogre.
The two-headed ogre hits you with a +0 giant club!
* * * LOW HITPOINT WARNING * * *
The two-headed ogre hits you with a +0 giant club.
* * * LOW HITPOINT WARNING * * *
You punch the two-headed ogre! You claw the two-headed ogre.
Your punch misses the two-headed ogre.
The two-headed ogre is moderately wounded.
Your primal bloodlust has ended.
You completely miss the two-headed ogre.
The two-headed ogre is moderately wounded.
You hit the two-headed ogre but do no damage.
Your kick misses the two-headed ogre.
You headbutt the two-headed ogre, but do no damage.
The two-headed ogre is moderately wounded.
The orc warlord roars a battlecry!
The two-headed ogre hits you with a +0 giant club!
* * * LOW HITPOINT WARNING * * *
The two-headed ogre misses you.
You barely miss the two-headed ogre. You claw the two-headed ogre.
You punch the two-headed ogre.
The two-headed ogre is heavily wounded.
You punch the two-headed ogre! Your kick misses the two-headed ogre.
The two-headed ogre is severely wounded.
You hit the two-headed ogre but do no damage.
You claw the two-headed ogre.
Your headbutt misses the two-headed ogre.
The two-headed ogre is severely wounded.
The two-headed ogre hits you but does no damage.
The two-headed ogre hits you with a +0 giant club!!
You die...

##### ######### ##
###^..###.#...#.##
#...#@....o#..........
..#.O......o.....#...
#...<.........#.#...
#....................#
#......................
..#................##.##
. #............#....###.
...................#..
...#................#.


You could see an orc warlord, a two-headed ogre and an orc (strong).

Vanquished Creatures
  2 vault guards (Bailey)
  A two-headed ogre (D:9)
  An orc high priest (Orc:2)
  Urug (Orc:2)
  The ghost of Ozzieoiler the Sneak, a novice GnEn (D:6)
  The ghost of Coops66 the Cleaver, a novice MiFi (D:6)
  The ghost of Ozzieoiler the Ruffian, a novice DrTm of Makhleb (D:6)
  3 orc sorcerers
  A cyclops (D:9)
  A gargoyle (D:9)
  A kobold demonologist (D:9)
  2 trolls (D:9)
  2 tengu conjurers (D:9)
  Prince Ribbit (Bailey)
  Sigmund (D:3)
  6 humans (Bailey)
  19 yaks (D:9)
  4 wargs
  A sky beast (D:7)
  4 ice beasts
  13 orc warriors
  3 black bears
  7 ogres
  2 wolves (D:9)
  A centaur (D:6)
  A phantom (D:4)
  2 kobold brigands
  13 bullfrogs
  3 gnoll sergeants
  A necrophage (D:7)
  2 scorpions
  8 wights (D:8)
  The ghost of robotsrng the Covert, a weakling GnDe (D:4)
  3 killer bees (D:7)
  5 electric eels (D:9)
  4 howler monkeys
  3 quasits (D:4)
  10 hounds
  2 jellies
  4 gnoll boudas
  11 orc priests
  Crazy Yiuf (D:4)
  4 iguanas
  12 orc wizards
  31 gnolls
  7 adders
  2 shadow imps
  4 white imps
  An ufetubus (D:6)
  4 worms
  38 orcs
  7 ball pythons
  6 endoplasms
  3 giant cockroaches
  7 goblins
  7 hobgoblins
  13 jackals
  14 kobolds
  4 quokkas
  3 bats
  A frilled lizard (D:2)
  17 rats
339 creatures vanquished.

Vanquished Creatures (others)
  2 orc priests (Orc:2)
  4 withered plants (D:6)
6 creatures vanquished.

Grand Total: 345 creatures vanquished

Notes
Turn   | Place    | Note
-------+----------+-------------------------------------------
     0 | D:1      | Timinator the Demigod Transmuter began the quest for the
                  | Orb.
     0 | D:1      | Reached XP level 1. HP: 15/15 MP: 5/5
   237 | D:1      | Reached skill level 1 in Fighting
   439 | D:1      | Reached XP level 2. HP: 21/23 MP: 5/7
   498 | D:1      | Reached skill level 3 in Unarmed Combat
  1082 | D:1      | Learned a level 2 spell: Wereblood
  1364 | D:2      | Reached XP level 3. HP: 21/28 MP: 8/8
  1669 | D:2      | Found Woam's General Store.
  1679 | D:2      | Bought a scroll of fear for 48 gold pieces
  1679 | D:2      | Bought a scroll of fear for 48 gold pieces
  1679 | D:2      | Bought a potion of curing for 36 gold pieces
  1679 | D:2      | Bought a potion of curing for 36 gold pieces
  2486 | D:3      | Noticed Sigmund
  2508 | D:3      | Killed Sigmund
  2509 | D:3      | Reached XP level 4. HP: 23/36 MP: 8/10
  2509 | D:3      | Reached XP level 5. HP: 26/41 MP: 8/11
  2573 | D:3      | Noticed an ice beast
  2717 | D:3      | Killed an ice beast
  2718 | D:3      | Reached XP level 6. HP: 19/48 MP: 10/12
  3295 | D:3      | Identified the +0 buckler of Ashenzari, Flying {rCorr}
  3532 | D:4      | Reached skill level 4 in Unarmed Combat
  3673 | D:4      | Found a transporter.
  3714 | D:4      | Noticed robotsrng's ghost (weakling GnDe)
  3824 | D:4      | Found a transporter.
  3937 | D:4      | Found a staircase to the Ecumenical Temple.
  3977 | D:4      | Reached skill level 1 in Evocations
  3977 | D:4      | Reached XP level 7. HP: 56/56 MP: 14/14
  4269 | D:4      | Found a runed translucent door.
  4270 | D:4      | Noticed Crazy Yiuf
  4513 | D:5      | Entered Level 5 of the Dungeon
  5014 | D:5      | Reached skill level 5 in Unarmed Combat
  5568 | D:5      | Reached XP level 8. HP: 53/63 MP: 13/15
  6123 | D:6      | Found the +4 moon troll leather armour {Spirit, Regen++
                  | MP+5}
  6478 | D:6      | Found a runed translucent gate.
  6479 | D:6      | Found a runed translucent gate.
  6480 | D:6      | Found a runed translucent gate.
  6481 | D:6      | Noticed Coops66's ghost (novice MiFi)
  6481 | D:6      | Noticed Ozzieoiler's ghost (novice DrTm)
  6481 | D:6      | Noticed Ozzieoiler's ghost (novice GnEn)
  6501 | D:6      | Reached skill level 5 in Transmutations
  6787 | D:6      | Identified the +7 chain mail of the New World {rPois rCorr}
  6808 | D:6      | Reached skill level 6 in Unarmed Combat
  7060 | D:6      | Killed Ozzieoiler's ghost
  7061 | D:6      | Reached skill level 5 in Dodging
  7061 | D:6      | Reached XP level 9. HP: 71/71 MP: 15/16
  7072 | D:6      | Killed Coops66's ghost
  7082 | D:6      | Killed Ozzieoiler's ghost
  7083 | D:6      | Reached skill level 7 in Unarmed Combat
  7238 | D:4      | Killed Crazy Yiuf
  7407 | D:4      | Killed robotsrng's ghost
  7636 | D:7      | Reached skill level 5 in Fighting
  7748 | D:7      | Found a flagged portal.
  7755 | D:7      | Identified the +7 hand axe "Grim" {spect, Contam rPois
                  | rN+++ rCorr}
  7761 | Bailey   | Entered a bailey
  7822 | Bailey   | Reached XP level 10. HP: 81/81 MP: 17/17
  7855 | Bailey   | Reached skill level 8 in Unarmed Combat
  7987 | Bailey   | Noticed Prince Ribbit
  7990 | Bailey   | Noticed a vault guard
  8018 | Bailey   | Killed a vault guard
  8026 | Bailey   | Killed Prince Ribbit
  8027 | Bailey   | Reached skill level 9 in Unarmed Combat
  8101 | Bailey   | Noticed a vault guard
  8126 | Bailey   | Killed a vault guard
  8616 | D:7      | Learned a level 4 spell: Ice Form
  8825 | D:8      | Identified the +2 ring mail of the Jolly Knaves {Int+2}
  9257 | D:8      | Reached skill level 10 in Unarmed Combat
  9666 | D:9      | Reached XP level 11. HP: 88/89 MP: 19/19
  9864 | D:9      | Found a staircase to the Orcish Mines.
  9954 | D:9      | Reached skill level 11 in Unarmed Combat
 10801 | D:9      | Found a staircase to the Lair.
 11056 | D:9      | Noticed a two-headed ogre
 11072 | D:9      | Killed a two-headed ogre
 11162 | Orc:1    | Entered Level 1 of the Orcish Mines
 11468 | Orc:1    | Paralysed by an orc sorcerer for 3 turns
 11872 | Orc:2    | Entered Level 2 of the Orcish Mines
 11872 | Orc:2    | Noticed an orc warlord
 11872 | Orc:2    | Noticed an orc warlord
 11903 | Orc:2    | Found Roliod's General Store.
 11903 | Orc:2    | Noticed Blork the orc
 11903 | Orc:2    | Noticed an orc knight
 11904 | Orc:2    | Noticed Urug
 11913 | Orc:2    | Noticed an orc high priest
 11925 | Orc:2    | Killed an orc high priest
 11942 | Orc:2    | Killed Urug
 11943 | Orc:2    | Noticed Saint Roka
 11948 | Orc:2    | Reached XP level 12. HP: 60/97 MP: 2/20
 12142 | Orc:2    | HP: 4/97 [orc warlord/+0 war axe (25)]
 12161 | Orc:2    | Noticed a two-headed ogre
 12175 | Orc:2    | Slain by a two-headed ogre

Illustrated notes

Levels and vault maps discovered:
D:1:      evilmike_arrival_crescent, layout_basic, minmay_rat_gold_closets
D:2:      layout_basic, serial_shops, nicolae_shop_trees, st_stairs_4
D:3:      layout_rooms, ebering_ecumenical_altar_ruins, grunt_ministairs_10,
          uniq_sigmund
D:4:      layout_rooms, mainiacjoe_overflow_concentric_impassable,
          grunt_temple_overflow_open, minmay_temple_entry_slanted,
          gammafunk_ghost_stat_death, uniq_crazy_yiuf_cottage
D:5:      layout_layer_cave
D:6:      layout_basic, gammafunk_ghost_cemetery
D:7:      layout_cave_pools, chequers_temple_overflow_minitemple,
          serial_gnoll_camp, gnoll_camp_mini_house, gnoll_camp_mini_hut,
          gnoll_camp_mini_doghouse, gnoll_camp_medium_02, enter_bailey_2
D:8:      layout_loops_ring
D:9:      layout_rooms, erik_lair_island, david_orc_3, kennysheep_generic_room_7
Orc:1:    layout_caves
Orc:2:    grunt_orc_cross, layout_caves, serial_shops, shop,
          gammafunk_ghost_necromancy, nicolae_shop_self_help, uniq_urug,
          uniq_saint_roka

Skill      XL: |  1  2  3  4  5  6  7  8  9 10 11 |
---------------+----------------------------------+-----
Fighting       | 1 2 3 4 5 6 |  6.8
Unarmed Combat | 3 4 5 6 7 10 11 | 11.8
Dodging        | 2 3 5 6 7 8 |  8.4
Transmutations | 2 3 4 5 6 7 8 |  8.9
Spellcasting   | 2 3 |  3.5
Armour         | 2 3 |  3.0
Evocations     | 1 2 3 |  3.7

Action                   |  1- 3 |  4- 6 |  7- 9 | 10-12 || total
-------------------------+-------+-------+-------+-------++-------
Melee: Unarmed           |   171 |    86 |   364 |   580 ||  1201
       Kick              |    32 |    33 |   124 |   204 ||   393
       Headbutt          |    18 |    23 |    86 |   143 ||   270
       Punch             |     6 |     1 |    21 |    36 ||    64
 Cast: Beastly Appendage |    34 |    18 |    39 |    52 ||   143
       Wereblood         |     2 |     1 |    15 |    29 ||    47
       Ice Form          |       |       |       |     3 ||     3
Evoke: Wand              |       |       |       |     6 ||     6
  Use: Potion            |     1 |     1 |     2 |    14 ||    18
       Scroll            |       |     1 |     5 |     5 ||    11
 Stab: Sleeping          |     5 |       |     1 |     1 ||     7
       Invisible         |       |       |       |     2 ||     2
Armor: Robe              |    27 |       |       |       ||    27
       Leather armour    |    14 |    14 |    19 |       ||    47
       Skin              |     3 |       |     2 |    10 ||    15
       Ring mail         |       |       |     7 |       ||     7
       Troll leather arm |       |       |   146 |   105 ||   251
Dodge: Dodged            |    96 |    40 |   324 |   406 ||   866
